 Dungeon Crawl Stone Soup version 0.29.1-13-g9f3cf754e1 (webtiles) character file.

Game seed: 10187181768609482528

1150 KittyFluff the Cudgeller (level 8, -1/73 HPs)
             Began as a Gargoyle Berserker on Jan 29, 2023.
             Was an Elder of Trog.
             Slain by an orc warrior
             ... wielding a +0 flail
              (12 damage)
             ... on level 6 of the Dungeon.
             The game lasted 00:24:53 (5635 turns).

KittyFluff the Cudgeller (Gargoyle Berserker)       Turns: 5635, Time: 00:24:55

Health: -1/73      AC: 15    Str: 20    XL:     8   Next: 38%
Magic:  8/8        EV: 12    Int: 12    God:    Trog [****..]
Gold:   196        SH:  0    Dex: 11    Spells: 7/7 levels left

rFire   . . .      SeeInvis .   a - +2 mace (vorpal)
rCold   . . .      Faith    .   (no shield)
rNeg    + . .      Spirit   .   H - +0 steam dragon scales
rPois   ∞          Reflect  .   u - +0 helmet {Int+3}
rElec   +          Harm     .   d - +0 cloak
rCorr   .          Rampage  .   q - +0 pair of gloves
Will    .....                   (no boots)
Stlth   ..........              (no amulet)
HPRegen 0.22/turn               (no ring)
MPRegen 0.11/turn               (no ring)

@: berserking, very quick
A: sickness immunity, AC +5, negative energy resistance 1, electricity
resistance, torment resistance 1, petrification resistance
a: Renounce Religion, Berserk, Trog's Hand, Brothers in Arms


You were on level 6 of the Dungeon.
You worshipped Trog.
Trog was greatly pleased with you.
You visited 1 branch of the dungeon, and saw 6 of its levels.
You also visited: Sewer.

You collected 196 gold pieces.

Inventory:

Hand Weapons
 a - a +2 vorpal mace (weapon)
 n - a +0 sling
 x - a +0 flail
 M - a +0 morningstar
Missiles
 h - 3 atropa-tipped darts
 v - 34 stones (quivered)
 A - 4 poisoned darts
 F - 2 boomerangs
Armour
 d - a +0 cloak (worn)
 q - a +0 pair of gloves (worn)
 t - a +0 scale mail
 u - a +0 helmet of intelligence (worn)
 y - a +0 chain mail
 H - +0 steam dragon scales (worn)
 J - a +0 troll leather armour {Pargi}
Jewellery
 L - an amulet of magic regeneration
Wands
 C - a wand of roots (12)
Scrolls
 c - a scroll of summoning
 e - 2 scrolls of amnesia {unknown}
 f - a scroll of immolation {unknown}
 o - 2 scrolls of teleportation
 p - 3 scrolls of fog
 z - a scroll of vulnerability {unknown}
 B - a scroll of enchant weapon {unknown}
 D - a scroll of magic mapping {unknown}
 K - a scroll of blinking {unknown}
Potions
 b - 3 potions of might
 g - 2 potions of flight
 j - 4 potions of lignification {unknown}
 k - 5 potions of haste
 m - 3 potions of heal wounds {unknown}
 s - a potion of mutation {unknown}
 w - 2 potions of degeneration {unknown}
 G - a potion of attraction {unknown}
 I - a potion of invisibility {unknown}


   Skills:
 + Level 5.1 Fighting
 + Level 7.0 Maces & Flails
 * Level 5.1 Armour
 + Level 3.4 Dodging
 + Level 2.9 Stealth


You had 7 spell levels left.
You didn't know any spells.
Your spell library was empty.

Dungeon Overview and Level Annotations

Branches:
Dungeon (6/15)              Sewer (visited)
 Temple: D:4-7

Altars:
Ashenzari
Hepliaklqana
Nemelex Xobeh
Trog

Annotations:
D:2 1 runed translucent door, Crazy Yiuf


Innate Abilities, Weirdness & Mutations

You are immune to sickness and miasma.
Your stone body is resilient. (AC +5)
You are immune to poison.
You resist negative energy. (rN+)
You are resistant to electric shocks. (rElec)
You are resistant to unholy torment.
You are immune to petrification.


Message History

You barely miss the howler monkey.
The howler monkey is heavily wounded.
The howler monkey barely misses you.
The orc warrior hits you with a +0 flail!
The scorpion closely misses you. The howler monkey misses you.
As you read the scroll labelled EBBATS LIBBYJEPT, it crumbles to dust.
Wisps of shadow whirl around you...
It was a scroll of summoning.
The orc warrior hits you with a +0 flail.
The scorpion stings you but does no damage.
The howler monkey barely misses you.
You barely miss the orc warrior.
The orc warrior is almost dead.
The orc warrior hits you with a +0 flail!
* * * LOW HITPOINT WARNING * * *
The scorpion stings you but does no damage.
The howler monkey closely misses you.
Your kobold closely misses the scorpion.
Your orc hits the howler monkey with a +0 whip.
Your gnoll bouda barks out a call to the hunt!
Your gnolls pick up the pace!
Your kobold brigand closely misses the scorpion.
A red film seems to cover your vision as you go berserk!
You feel yourself moving faster!
You feel mighty! The ice beast hits your gnoll bouda.
The ice beast freezes your gnoll bouda!
The orc warrior hits you but does no damage.
The scorpion stings you.
* * * LOW HITPOINT WARNING * * *
The howler monkey hits you but does no damage.
Your gnoll bouda barely misses the howler monkey.
Your orc hits the howler monkey with a +0 whip.
Your kobold brigand hits the scorpion with a +0 club!
Your kobold closely misses the scorpion.
You hit the orc warrior but do no damage.
The orc warrior is almost dead.
The ice beast hits your gnoll bouda.
Your gnoll bouda dies!
Your gnoll bouda's corpse dissolves into shadows!
The scorpion closely misses you.
The orc warrior hits you with a +0 flail!
You die...

##'#..## #......# .o.....
#....... ....... #.....g#
....... #......### .....
#...Y..# .... #...g.o#
..##### #...gKh##o......
######..KKKs@oo# ######...
#........####### #<.....#
#.............##......##.#
#.............###.....#
######'###.....###.#...#
#......# #.........#...#
#......# #.....#####...#
#......# #...........s.#
#......# ###.#.#####..##


You could see an orc warrior (ally target), an ice beast, a scorpion (ally
target), a howler monkey (ally target), an orc wizard, an orc, a friendly kobold
brigand (summoned), 3 friendly gnolls, a friendly orc (summoned) and 3 friendly
kobolds.

Vanquished Creatures
  A water moccasin (D:5)
  Pargi (Sewer)
  An ice beast (D:6)
  2 ogres
  A scorpion (D:5)
  2 hounds (D:5)
  A jelly (D:5)
  2 orc priests
  6 orc wizards
  Terence (D:2)
  2 iguanas
  Robin (D:2)
  12 adders
  An ufetubus (D:4)
  A worm (D:2)
  13 orcs
  7 endoplasms
  10 giant cockroaches
  16 goblins
  6 hobgoblins
  4 jackals (D:2)
  13 kobolds
  A quokka (D:5)
  9 ball pythons
  5 bats
  3 frilled lizards
  2 rats
124 creatures vanquished.

Vanquished Creatures (others)
  2 fungi (D:2)
2 creatures vanquished.

Grand Total: 126 creatures vanquished

Notes
Turn   | Place    | Note
-------+----------+-------------------------------------------
     0 | D:1      | KittyFluff the Gargoyle Berserker began the quest for the
                  | Orb.
     0 | D:1      | Reached XP level 1. HP: 14/14 MP: 1/1
   388 | D:1      | Reached XP level 2. HP: 17/19 MP: 2/2
  1115 | D:2      | Reached XP level 3. HP: 16/23 MP: 3/3
  1344 | D:2      | Noticed Robin
  1367 | D:2      | Reached ** piety under Trog
  1378 | D:2      | Reached XP level 4. HP: 24/29 MP: 4/4
  1382 | D:2      | Killed Robin
  1646 | D:2      | Reached skill level 4 in Maces & Flails
  1796 | D:2      | Found a runed translucent door.
  1797 | D:2      | Noticed Crazy Yiuf
  1856 | D:2      | Found a faded altar of an unknown god.
  1983 | D:2      | Noticed Terence
  1991 | D:2      | Killed Terence
  2075 | D:2      | Found a bloodstained altar of Trog.
  2114 | D:2      | Reached XP level 5. HP: 33/33 MP: 5/5
  2272 | D:3      | Reached skill level 1 in Stealth
  2949 | D:3      | Reached XP level 6. HP: 38/38 MP: 6/6
  3087 | D:4      | Reached *** piety under Trog
  3088 | D:4      | Reached skill level 5 in Maces & Flails
  3392 | D:4      | Found a hazy altar of Hepliaklqana.
  3392 | D:4      | Found a broken altar of Ashenzari.
  3778 | D:4      | Found a sparkling altar of Nemelex Xobeh.
  3914 | D:5      | Entered Level 5 of the Dungeon
  4167 | D:5      | Reached XP level 7. HP: 44/44 MP: 7/7
  4257 | D:5      | Reached skill level 6 in Maces & Flails
  4315 | D:5      | Found a glowing drain.
  4487 | Sewer    | Entered a sewer
  4556 | Sewer    | Noticed Pargi
  4570 | Sewer    | Killed Pargi
  4571 | Sewer    | Reached XP level 8. HP: 33/48 MP: 8/8
  4698 | Sewer    | Reached **** piety under Trog
  4910 | D:5      | Reached skill level 5 in Fighting
  5267 | D:6      | Reached skill level 5 in Armour
  5608 | D:6      | Reached skill level 7 in Maces & Flails
  5635 | D:6      | Slain by an orc warrior

Illustrated notes

Levels and vault maps discovered:
D:1:      evilmike_arrival_fibonacci_small, layout_basic,
          minmay_misc_feat_nine_boxes
D:2:      layout_basic, dreamdust_ecumenical_altar_hidden_monk_grotto,
          corexii_leaking_fountain, minmay_hexomino_r4, uniq_terence,
          uniq_robin, uniq_crazy_yiuf_cottage
D:3:      layout_basic
D:4:      layout_gridville, lemuel_doored_altar, gammafunk_temple_overflow_wave
D:5:      layout_loops_ring, gup_sewer_entry_glass, grunt_decor_one_mirror
D:6:      layout_basic, trog_book, minmay_temple_entry_mini_moons,
          chequers_serial_rivers_marsh, uniq_prince_ribbit1

Skill      XL: |  1  2  3  4  5  6  7  8 |
---------------+-------------------------+-----
Maces & Flails | 4 5 6 7 |  7.0
Armour         | 3 4 5 |  5.1
Dodging        | 2 3 |  3.4
Fighting       | 4 5 |  5.1
Stealth        | 1 2 |  2.9

Action                   |  1- 3 |  4- 6 |  7- 9 || total
-------------------------+-------+-------+-------++-------
Melee: Mace              |   108 |   176 |   151 ||   435
       Punch             |       |     2 |     1 ||     3
Invok: Berserk           |       |     2 |     1 ||     3
  Use: Scroll            |       |     2 |     4 ||     6
       Potion            |       |       |     1 ||     1
 Stab: Sleeping          |       |     2 |     5 ||     7
Armor: Animal skin       |    49 |     2 |       ||    51
       Leather armour    |       |    77 |    49 ||   126
       Steam dragon scal |       |       |    45 ||    45
Dodge: Dodged            |    73 |   102 |   129 ||   304
